TOP OF THE 1ST |
Spokane Trappers batting - Pitching for Albuquerque Isotopes : RHP Anthony Jackson
|
Pitching: RHP Anthony Jackson
|
|
Batting: LHB John Cotton
|
0-0: Ball 1-0: Ball 2-0: Ball 3-0: Called Strike 3-1: Base on Balls
|
Batting: RHB Danny Crouch
|
0-0: Called Strike 0-1: Ball 1-1: Called Strike 1-2: Strikes out swinging
|
Batting: SHB Chris Bennis
|
0-0: Foul Ball, location: 2F 0-1: Ball 1-1: Grounds into double play, 4-6-3 (Groundball, 4)
|
Top of the 1st over - 0 runs, 0 hits, 0 errors, 0 left on base; Spokane 0 - Albuquerque 0 |
BOTTOM OF THE 1ST |
Albuquerque Isotopes batting - Pitching for Spokane Trappers : RHP Bud Baldwin
|
Pitching: RHP Bud Baldwin
|
|
Batting: LHB Burt Ward
|
0-0: Called Strike 0-1: Called Strike 0-2: Ground out 4-3 (Groundball, 4)
|
Batting: RHB Javier Peña
|
0-0: Called Strike 0-1: Ball 1-1: Called Strike 1-2: Ball 2-2: Ball 3-2: Foul Ball, location: 2F 3-2: Base on Balls
|
Batting: RHB Martín López
|
0-0: Swinging Strike 0-1: Foul Ball, location: 2F 0-2: Ball 1-2: Strikes out swinging Javier Peña steals 2nd base Batter strikes out.
|
Batting: RHB Roberto Tobías
|
0-0: Called Strike 0-1: Ball 1-1: SINGLE (Line Drive, 9S) Javier Peña to third Runner from 3rd tries for Home, SAFE, no throw
|
Batting: LHB José González
|
0-0: Ball 1-0: Ball 2-0: SINGLE (Line Drive, 89S) Roberto Tobías to second Runner from 2nd tries for 3rd, SAFE, throw made to third
|
Batting: LHB Tanyu Imai
|
0-0: Ball 1-0: Called Strike 1-1: Swinging Strike 1-2: SINGLE (Groundball, 25) (infield hit) Roberto Tobías scores José González to second
|
Batting: RHB Piotr Zahn
|
0-0: Swinging Strike 0-1: Ball 1-1: Swinging Strike 1-2: Ball 2-2: Fly out, F8 (Flyball, 8RM)
|
Bottom of the 1st over - 2 runs, 3 hits, 0 errors, 2 left on base; Spokane 0 - Albuquerque 2 |
TOP OF THE 2ND |
Spokane Trappers batting - Pitching for Albuquerque Isotopes : RHP Anthony Jackson
|
Batting: RHB José Herrera
|
0-0: Foul Ball, location: 2F 0-1: Fly out, F9 (Flyball, 89S)
|
Batting: LHB Stan Bates
|
0-0: Ball 1-0: Called Strike 1-1: Foul Ball, location: 2F 1-2: Strikes out swinging
|
Batting: RHB Enrique Mendoza
|
0-0: Swinging Strike 0-1: SINGLE (Groundball, 6M) (infield hit)
|
Batting: LHB Harry Pitts
|
0-0: Called Strike 0-1: Ball Enrique Mendoza is caught stealing 2nd base
|
Top of the 2nd over - 0 runs, 1 hit, 0 errors, 0 left on base; Spokane 0 - Albuquerque 2 |
BOTTOM OF THE 2ND |
Albuquerque Isotopes batting - Pitching for Spokane Trappers : RHP Bud Baldwin
|
Batting: LHB Wally Harris
|
0-0: Ball 1-0: DOUBLE (Groundball, 5L)
|
Batting: RHB Julián Garza
|
0-0: Ball Passed Ball! Wally Harris to third 1-0: Ball 2-0: Called Strike 2-1: Called Strike 2-2: SINGLE (Groundball, 25) (infield hit) Wally Harris scores
|
Batting: LHB Burt Ward
|
0-0: Ball Throwing error on steal attempt, E2 Julián Garza to third 1-0: Ball 2-0: Ball 3-0: Base on Balls
|
Batting: RHB Javier Peña
|
0-0: Ball 1-0: Foul Ball, location: 2F 1-1: Ball 2-1: Grounds into double play, 5-4-3 (Groundball, 56) Julián Garza scores
|
Batting: RHB Martín López
|
0-0: Foul Ball, location: 2F 0-1: Ball 1-1: Ball 2-1: Swinging Strike 2-2: Fly out, F7 (Flyball, 7)
|
Bottom of the 2nd over - 2 runs, 2 hits, 1 error, 0 left on base; Spokane 0 - Albuquerque 4 |
TOP OF THE 3RD |
Spokane Trappers batting - Pitching for Albuquerque Isotopes : RHP Anthony Jackson
|
Batting: LHB Harry Pitts
|
0-0: Ball 1-0: Ball 2-0: Foul Ball, location: 2F 2-1: Foul Ball, location: 2F 2-2: Strikes out swinging
|
Batting: RHB Andrew Good
|
0-0: Swinging Strike 0-1: Fly out, F7 (Flyball, 7LS)
|
Batting: RHB Alberto Velásquez
|
0-0: Called Strike 0-1: Fly out, F9 (Flyball, 9S)
|
Top of the 3rd over - 0 runs, 0 hits, 0 errors, 0 left on base; Spokane 0 - Albuquerque 4 |
BOTTOM OF THE 3RD |
Albuquerque Isotopes batting - Pitching for Spokane Trappers : RHP Bud Baldwin
|
Batting: RHB Roberto Tobías
|
0-0: Ball 1-0: Ball 2-0: Called Strike 2-1: Swinging Strike 2-2: Fly out, F7 (Line Drive, 7LS)
|
Batting: LHB José González
|
0-0: Ball 1-0: Foul Ball, location: 2F 1-1: Swinging Strike 1-2: Ball 2-2: Fly out, F9 (Flyball, 9)
|
Batting: LHB Tanyu Imai
|
0-0: Called Strike 0-1: Foul Ball, location: 2F 0-2: SINGLE (Flyball, 78S)
|
Batting: RHB Piotr Zahn
|
0-0: Ball 1-0: Called Strike 1-1: Ball 2-1: Ball 3-1: Ground out 4-3 (Groundball, 4D)
|
Bottom of the 3rd over - 0 runs, 1 hit, 0 errors, 1 left on base; Spokane 0 - Albuquerque 4 |
TOP OF THE 4TH |
Spokane Trappers batting - Pitching for Albuquerque Isotopes : RHP Anthony Jackson
|
Batting: LHB John Cotton
|
0-0: Ball 1-0: Called Strike 1-1: Fly out, F8 (Flyball, 8LXD)
|
Batting: RHB Danny Crouch
|
0-0: Called Strike 0-1: Foul Ball, location: 2F 0-2: SINGLE (Groundball, 6MD)
|
Batting: SHB Chris Bennis
|
0-0: Ball 1-0: Ball 2-0: Ball 3-0: Called Strike 3-1: Base on Balls Danny Crouch to second
|
Batting: RHB José Herrera
|
0-0: Called Strike 0-1: Called Strike 0-2: Foul Ball, location: 2F 0-2: Strikes out looking
|
Batting: LHB Stan Bates
|
0-0: Ball 1-0: SINGLE (Groundball, 6D) Danny Crouch to third Chris Bennis to second Runner from 3rd tries for Home, SAFE, no throw
|
Batting: RHB Enrique Mendoza
|
0-0: Foul Ball, location: 2F 0-1: Foul Ball, location: 2F 0-2: Ball 1-2: Foul Ball, location: 2F 1-2: Foul Ball, location: 2F 1-2: Strikes out swinging
|
Top of the 4th over - 1 run, 2 hits, 0 errors, 2 left on base; Spokane 1 - Albuquerque 4 |
BOTTOM OF THE 4TH |
Albuquerque Isotopes batting - Pitching for Spokane Trappers : RHP Bud Baldwin
|
Batting: LHB Wally Harris
|
0-0: Fly out, F5 (Popup, 5)
|
Batting: RHB Julián Garza
|
0-0: Fly out, F8 (Flyball, 89D)
|
Batting: LHB Burt Ward
|
0-0: Ball 1-0: Foul Ball, location: 2F 1-1: Foul Ball, location: 2F 1-2: Foul Ball, location: 2F 1-2: Ball 2-2: Ball 3-2: Fly out, F5 (Line Drive, 56)
|
Bottom of the 4th over - 0 runs, 0 hits, 0 errors, 0 left on base; Spokane 1 - Albuquerque 4 |
TOP OF THE 5TH |
Spokane Trappers batting - Pitching for Albuquerque Isotopes : RHP Anthony Jackson
|
Batting: LHB Harry Pitts
|
0-0: Ball 1-0: Ball 2-0: Fly out, F8 (Flyball, 78XD)
|
Batting: RHB Andrew Good
|
0-0: Ball 1-0: Called Strike 1-1: Ball 2-1: Swinging Strike 2-2: Ball 3-2: Strikes out looking
|
Batting: RHB Alberto Velásquez
|
0-0: Ball 1-0: Swinging Strike 1-1: Foul Ball, location: 2F 1-2: Ball 2-2: Ground out U3 (Groundball, 3L)
|
Top of the 5th over - 0 runs, 0 hits, 0 errors, 0 left on base; Spokane 1 - Albuquerque 4 |
BOTTOM OF THE 5TH |
Albuquerque Isotopes batting - Pitching for Spokane Trappers : RHP Bud Baldwin
|
Batting: RHB Javier Peña
|
0-0: Ball 1-0: Fly out, F9 (Flyball, 9LSF)
|
Batting: RHB Martín López
|
0-0: Fly out, F8 (Flyball, 8LD)
|
Pitching: RHP Honorato Mota
|
|
Batting: RHB Roberto Tobías
|
0-0: Ball 1-0: Foul Ball, location: 2F 1-1: Foul Ball, location: 2F 1-2: Foul Ball, location: 2F 1-2: Ball 2-2: Foul Ball, location: 2F 2-2: Fly out, F8 (Flyball, 78D)
|
Bottom of the 5th over - 0 runs, 0 hits, 0 errors, 0 left on base; Spokane 1 - Albuquerque 4 |
TOP OF THE 6TH |
Spokane Trappers batting - Pitching for Albuquerque Isotopes : RHP Anthony Jackson
|
Batting: LHB John Cotton
|
0-0: Ball 1-0: Called Strike 1-1: Ball 2-1: Ball 3-1: Swinging Strike 3-2: Foul Ball, location: 2F 3-2: Strikes out looking
|
Batting: RHB Danny Crouch
|
0-0: Ball 1-0: Ball 2-0: Foul Ball, location: 2F 2-1: Fly out, F7 (Flyball, 7)
|
Batting: SHB Chris Bennis
|
0-0: Called Strike 0-1: Swinging Strike 0-2: Ball 1-2: Ball 2-2: Strikes out looking
|
Top of the 6th over - 0 runs, 0 hits, 0 errors, 0 left on base; Spokane 1 - Albuquerque 4 |
BOTTOM OF THE 6TH |
Albuquerque Isotopes batting - Pitching for Spokane Trappers : RHP Honorato Mota
|
Batting: LHB José González
|
0-0: Swinging Strike 0-1: Ball 1-1: Foul Ball, location: 2F 1-2: Ground out U3 (Groundball, 34)
|
Batting: LHB Tanyu Imai
|
0-0: Foul Ball, location: 2F 0-1: Ball 1-1: Foul Ball, location: 2F 1-2: Foul Ball, location: 2F 1-2: Strikes out swinging
|
Batting: RHB Piotr Zahn
|
0-0: Called Strike 0-1: Ball 1-1: Ball 2-1: SOLO HOME RUN (Flyball, 7D), Distance : 360 ft
|
Batting: LHB Wally Harris
|
0-0: Foul Ball, location: 2F 0-1: Ball 1-1: Ball 2-1: Ball 3-1: Foul Ball, location: 2F 3-2: Strikes out swinging
|
Bottom of the 6th over - 1 run, 1 hit, 0 errors, 0 left on base; Spokane 1 - Albuquerque 5 |
TOP OF THE 7TH |
Spokane Trappers batting - Pitching for Albuquerque Isotopes : RHP Anthony Jackson
|
Batting: RHB José Herrera
|
0-0: Called Strike 0-1: SINGLE (Groundball, 34S) (infield hit)
|
Pitching: RHP Ricardo Gutiérrez
|
|
Batting: LHB Stan Bates
|
0-0: Fly out, F7 (Flyball, 7)
|
Batting: RHB Enrique Mendoza
|
0-0: Called Strike 0-1: Ball 1-1: Ball 2-1: Grounds into double play, 4-6-3 (Groundball, 34)
|
Top of the 7th over - 0 runs, 1 hit, 0 errors, 0 left on base; Spokane 1 - Albuquerque 5 |
BOTTOM OF THE 7TH |
Albuquerque Isotopes batting - Pitching for Spokane Trappers : RHP Honorato Mota
|
Batting: RHB Julián Garza
|
0-0: Called Strike 0-1: Ball 1-1: Ball 2-1: Swinging Strike 2-2: Foul Ball, location: 2F 2-2: Strikes out swinging
|
Batting: LHB Burt Ward
|
0-0: Called Strike 0-1: Ball 1-1: Called Strike 1-2: Ball 2-2: Foul Ball, location: 2F 2-2: Ball 3-2: Ground out U3 (Groundball, 34S)
|
Batting: RHB Javier Peña
|
0-0: Ground out 5-3 (Groundball, 56S)
|
Bottom of the 7th over - 0 runs, 0 hits, 0 errors, 0 left on base; Spokane 1 - Albuquerque 5 |
TOP OF THE 8TH |
Spokane Trappers batting - Pitching for Albuquerque Isotopes : RHP Ricardo Gutiérrez
|
Batting: LHB Harry Pitts
|
0-0: Ball 1-0: Called Strike 1-1: Swinging Strike 1-2: Ball 2-2: SINGLE (Line Drive, 8RS)
|
Batting: RHB Andrew Good
|
0-0: Ball 1-0: Ball 2-0: Foul Ball, location: 2F 2-1: Grounds into double play, 6-4-3 (Groundball, 6)
|
Batting: RHB Alberto Velásquez
|
0-0: Ball 1-0: Ball 2-0: Foul Ball, location: 2F 2-1: Ball 3-1: Called Strike 3-2: Ground out 6-3 (Groundball, 6)
|
Top of the 8th over - 0 runs, 1 hit, 0 errors, 0 left on base; Spokane 1 - Albuquerque 5 |
BOTTOM OF THE 8TH |
Albuquerque Isotopes batting - Pitching for Spokane Trappers : RHP Honorato Mota
|
Batting: RHB Martín López
|
0-0: Ball 1-0: Ball 2-0: Swinging Strike 2-1: Ground out 3-1 (Groundball, 34S)
|
Batting: RHB Roberto Tobías
|
0-0: Ball 1-0: Ball 2-0: Called Strike 2-1: Ball 3-1: Base on Balls
|
Batting: LHB José González
|
0-0: Fly out, F9 (Line Drive, 9S)
|
Batting: LHB Tanyu Imai
|
0-0: Fly out, F7 (Flyball, 7S)
|
Bottom of the 8th over - 0 runs, 0 hits, 0 errors, 1 left on base; Spokane 1 - Albuquerque 5 |
TOP OF THE 9TH |
Spokane Trappers batting - Pitching for Albuquerque Isotopes : RHP Tomás Hurtado
|
Pitching: RHP Tomás Hurtado
|
|
Batting: LHB John Cotton
|
0-0: Ball 1-0: Called Strike 1-1: Swinging Strike 1-2: Strikes out swinging
|
Batting: RHB Danny Crouch
|
0-0: Foul Ball, location: 2F 0-1: Swinging Strike 0-2: Strikes out looking
|
Batting: SHB Chris Bennis
|
0-0: Called Strike 0-1: Ball 1-1: Ball 2-1: DOUBLE (Line Drive, 7LS)
|
Batting: RHB José Herrera
|
0-0: Ball 1-0: Ground out 4-3 (Groundball, 4)
|
Top of the 9th over - 0 runs, 1 hit, 0 errors, 1 left on base; Spokane 1 - Albuquerque 5 |
|